 Dungeon Crawl Stone Soup version 0.26.0-10-g1f06aea511 (webtiles) character file.

Game seed: 10349216473416890359

88 Borgoz the Cudgeller (level 4, -2/29 HPs)
             Began as a Gargoyle Berserker on Jan 31, 2021.
             Was a Believer of Trog.
             Slain by an iguana (11 damage)
             ... on level 3 of the Dungeon.
             The game lasted 00:02:22 (2220 turns).

Borgoz the Cudgeller (Gargoyle Berserker)           Turns: 2220, Time: 00:02:22

Health: -2/29      AC:  7    Str: 21    XL:     4   Next: 54%
Magic:  4/4        EV: 12    Int:  7    God:    Trog [**....]
Gold:   111        SH:  0    Dex: 10    Spells: 3/3 levels left

rFire    . . .     SeeInvis .   a - +0 mace
rCold    . . .     Faith    .   (no shield)
rNeg     + . .     Spirit   .   b - +0 animal skin
rPois    ∞         Reflect  .   (no helmet)
rElec    +         Harm     .   d - +0 cloak
rCorr    .         Rampage  .   (no gloves)
Will     .....                  (no boots)
Stlth    +.........             (no amulet)
HPRegen  0.09/turn              (no ring)
MPRegen  0.09/turn              (no ring)

@: no status effects
A: negative energy resistance 1, electricity resistance, unbreathing,
petrification resistance, miasma immunity, AC +3
a: Renounce Religion, Berserk, Trog's Hand


You were on level 3 of the Dungeon.
You worshipped Trog.
Trog was pleased with you.
You visited 1 branch of the dungeon, and saw 3 of its levels.

You collected 111 gold pieces.

Inventory:

Hand Weapons
 a - a +0 mace (weapon)
Armour
 b - a +0 animal skin (worn)
 d - a +0 cloak (worn)
Scrolls
 c - 3 scrolls of teleportation {unknown}
 f - 3 scrolls of amnesia {unknown}
 g - 6 scrolls of identify {unknown}
 i - a scroll of fog {unknown}
 j - a scroll of immolation {unknown}
Potions
 e - a potion of berserk rage {unknown}
 h - a potion of cancellation {unknown}
 k - a potion of attraction {unknown}


   Skills:
 + Level 3.9 Fighting
 * Level 4.0 Maces & Flails
 + Level 3.0 Armour
 + Level 2.1 Dodging


You had 3 spell levels left.
You didn't know any spells.
Your spell library was empty.

Dungeon Overview and Level Annotations

Branches:
Dungeon (3/15)

Altars:


Innate Abilities, Weirdness & Mutations

You are resistant to torment.
Your stone body is resilient. (AC +3)
You are immune to poison.
You resist negative energy. (rN+)
You are resistant to electric shocks. (rElec)
You can survive without breathing.
You are immune to petrification.
You are immune to miasma.


Message History

The hobgoblin barely misses you.
You hit the iguana but do no damage.
The iguana is almost dead.
The rat bites you but does no damage.
The iguana bites you but does no damage.
The hobgoblin hits you but does no damage.
The rat closely misses you.
You closely miss the iguana.
The iguana is almost dead.
The iguana bites you!
The hobgoblin hits you but does no damage.
The rat bites you but does no damage.
You are too injured to fight recklessly!
You are too injured to fight recklessly!
You are too injured to fight recklessly!
The iguana completely misses you.
You hit the iguana.
The iguana is almost dead.
The iguana bites you!
You die...

..#.# ########... # #.#.#
#.........# ###.#...#
#.#####...# ........# #.#
#...# .... ...# #.# #...#
..<.. #.########.# #....
.....##.....#.##.#########
........###.#.............
.......gl@......(.........
.....##.###.#.............
.... #.!##.#..........##.
### #..##.#..........##
#..##.#..........#
...##.....######...
....#...... ... ....##
###+# ......


You could see an iguana and a hobgoblin.

Vanquished Creatures
  A hound (D:2)
  An adder (D:2)
  2 oozes
  A dart slug (D:2)
  2 leopard geckos
  A ball python (D:1)
  A giant cockroach (D:1)
  5 hobgoblins
  2 kobolds
  7 bats
  4 frilled lizards
  4 goblins
  11 rats
42 creatures vanquished.

Notes
Turn   | Place    | Note
-------+----------+-------------------------------------------
     0 | D:1      | Borgoz the Gargoyle Berserker began the quest for the Orb.
     0 | D:1      | Reached XP level 1. HP: 14/14 MP: 1/1
    98 | D:1      | Reached XP level 2. HP: 19/19 MP: 2/2
   713 | D:1      | Reached XP level 3. HP: 15/23 MP: 3/3
  1613 | D:2      | Reached ** piety under Trog
  1614 | D:2      | Reached XP level 4. HP: 15/29 MP: 4/4
  1781 | D:2      | Reached skill level 4 in Maces & Flails
  2220 | D:3      | Slain by an iguana

Illustrated notes

Levels and vault maps discovered:
D:1:      dpeg_arrival_snail, layout_loops_corners, corexii_leaking_fountain
D:2:      minmay_wonky_spiral, layout_loops_ring, minmay_rat_gold_closets
D:3:      layout_basic, lemuel_doored_altar, nicolae_qazlal_eye_of_the_storm

Skill      XL: |  1  2  3  4 |
---------------+-------------+-----
Dodging        | 2 |  2.1
Armour         | 3 |  3.0
Maces & Flails | 4 |  4.0
Fighting       | |  3.9

Action                   |  1- 3 |  4- 6 || total
-------------------------+-------+-------++-------
Melee: Mace              |   126 |    33 ||   159
  Use: Scroll            |     1 |       ||     1
 Stab: Sleeping          |     1 |       ||     1
Armor: Animal skin       |    56 |    15 ||    71
Dodge: Dodged            |   125 |    32 ||   157
